 Dungeon Crawl Stone Soup version 0.16.2-12-gd0ad4c3 (webtiles) character file.

102 faibistes the Magician (level 4, -1/21 HPs)
             Began as a Deep Elf Wizard on Feb 22, 2018.
             Engulfed by a cloud of noxious fumes (2 damage)
             ... on level 4 of the Dungeon.
             The game lasted 00:04:29 (1039 turns).

faibistes the Magician (Deep Elf Wizard)            Turns: 1039, Time: 00:04:30

Health: -1/21      AC:  1    Str:  4    XL:     4   Next: 49%
Magic:  8/17       EV: 13    Int: 24    God:
Gold:   34         SH:  0    Dex: 11    Spells: 6 memorised, 1 level left

rFire  . . .     SeeInvis .     h - +0 dagger
rCold  . . .     Clarity  .     a - +0 robe
rNeg   . . .     SustAb   .     (no shield)
rPois  .         Gourm    .     b - +0 hat
rElec  .         Spirit   .     (no cloak)
rCorr  .         Warding  .     (no gloves)
rMut   .         Stasis   .     (no boots)
MR     .....                    (no amulet)
Stlth  +.........               (no ring)
                                (no ring)

@: confused, very slightly contaminated, repel missiles, not resistant to
hostile enchantments, very unstealthy
A: clumsy 1, deformed body, frail 1
a: no special abilities


You were on level 4 of the Dungeon.
You were not hungry.

You visited 1 branch of the dungeon, and saw 4 of its levels.

You collected 34 gold pieces.

Inventory:

Hand weapons
 f - a +0 club
 h - a +0 dagger (weapon)
Missiles
 g - 6 tomahawks (quivered)
Armour
 a - a +0 robe (worn)
 b - a +0 hat (worn)
Books
 c - a book of Minor Magic

   Spells                             Type                      Level
   a - Magic Dart                     Conjuration                  1
   b - Blink                          Translocation                2
   c - Call Imp                       Summoning                    2
   d - Repel Missiles                 Charms/Air                   2
   e - Slow                           Hexes                        2
   f - Conjure Flame                  Conjuration/Fire             3
   g - Mephitic Cloud                 Conjuration/Poison/Air       3
Comestibles
 d - a bread ration


   Skills:
 + Level 3.4 Dodging
 - Level 2.4 Stealth
 * Level 5.5 Spellcasting
 * Level 3.2 Conjurations
 - Level 1.1 Summonings
 - Level 1.1 Translocations


You had one spell level left.
You knew the following spells:

 Your Spells              Type           Power        Failure   Level  Hunger
a - Magic Dart            Conj           ###.         1%          1    None
b - Conjure Flame         Conj/Fire      ##......     14%         3    #......
c - Call Imp              Summ           ##......     12%         2    None
d - Blink                 Tloc           N/A          12%         2    None
e - Mephitic Cloud        Conj/Pois/Air  ##......     21%         3    #......
f - Repel Missiles        Chrm/Air       #.....       14%         2    None


Dungeon Overview and Level Annotations

Branches:
Dungeon (4/15)
 Temple: D:4-7

Altars:
Okawaru


Innate Abilities, Weirdness & Mutations

You are clumsy. (Dex -2)
Armour fits poorly on your strangely shaped body.
You are frail (-10% HP).


Message History

Aim: an orc wizard, wielding a dagger of venom and wearing a robe (severely wounded, bewildered and confused) That beam is likely to hit you.
Continue anyway?
The ball explodes into a vile cloud!
The stinking cloud engulfs the orc.
The stinking cloud engulfs the orc wizard.
The orc wizard is severely wounded.
The stinking cloud engulfs you!
You are engulfed in noxious fumes.
You choke on the stench!
You are confused.
* * * LOW HITPOINT WARNING * * *
The orc is engulfed in noxious fumes.
The orc appears confused.
The orc closely misses you.
Drink which item? (? for menu, Esc to quit)
It was a potion of mutation.
You feel extremely strange.
Your body twists and deforms.
You feel clumsy.
You feel frail.
You are engulfed in noxious fumes.
* * * LOW HITPOINT WARNING * * *
The orc is engulfed in noxious fumes.
The orc appears confused.
You are engulfed in noxious fumes.
You choke on the stench!
You are more confused.
You die...

#..............+
#..............# .
#..#######.....# ..+.
#..## #.....# ...#.
##.M.## #.....# #.....
##..#..####.....#
#.....
##..###......#####
.#.....##..##.##.....#
.......#.l##^^@##M...#
..........##..o..##5..#
####....#####'#####..#
#..........ยง.....##
#.....##..o.######
#...####.l..# #...
#....# #### ######


You could see an iguana (confused), an orc wizard (confused) and an orc
(confused).

Vanquished Creatures
  Blork the orc (D:4)
  A scorpion (D:4)
  3 bats
  A bat skeleton (D:4)
  A giant cockroach (D:1)
  A hobgoblin (D:4)
  3 kobolds
11 creatures vanquished.

Vanquished Creatures (collateral kills)
  An adder (D:4)
1 creature vanquished.

Vanquished Creatures (others)
  A shadow imp (D:4)
  2 white imps (D:4)
3 creatures vanquished.

Grand Total: 15 creatures vanquished

Notes
Turn   | Place    | Note
--------------------------------------------------------------
     0 | D:1      | faibistes, the Deep Elf Wizard, began the quest for the Orb.
     0 | D:1      | Reached XP level 1. HP: 10/10 MP: 6/6
   280 | D:4      | Reached XP level 2. HP: 15/15 MP: 6/9
   306 | D:4      | Learned a level 2 spell: Blink
   309 | D:4      | Learned a level 2 spell: Call Imp
   403 | D:4      | Found an iron altar of Okawaru.
   497 | D:4      | Noticed Blork the orc
   511 | D:4      | Noticed an iguana
   520 | D:4      | Killed Blork the orc
   520 | D:4      | Reached skill level 5 in Spellcasting
   520 | D:4      | Reached XP level 3. HP: 1/19 MP: 0/14
   819 | D:3      | Learned a level 3 spell: Conjure Flame
   823 | D:3      | Learned a level 3 spell: Mephitic Cloud
   847 | D:4      | Noticed a scorpion
   865 | D:4      | Killed a scorpion
   865 | D:4      | Reached XP level 4. HP: 2/24 MP: 0/17
   876 | D:4      | Learned a level 2 spell: Repel Missiles
  1030 | D:4      | Noticed an orc wizard
  1038 | D:4      | Gained mutation: Armour fits poorly on your strangely shaped body. [potion of mutation]
  1038 | D:4      | Gained mutation: You are clumsy. (Dex -2) [potion of mutation]
  1038 | D:4      | Gained mutation: You are frail (-10% HP). [potion of mutation]
  1038 | D:4      | HP: 1/21 [cloud of noxious fumes (2)]
  1039 | D:4      | Engulfed by a cloud of noxious fumes

Action                   |  1- 3 |  4- 6 || total
-------------------------+-------+-------++-------
Melee: Unarmed           |     4 |       ||     4
       Club              |     2 |       ||     2
       Dagger            |       |     3 ||     3
Throw: Tomahawk          |     1 |       ||     1
 Cast: Magic Dart        |    37 |     1 ||    38
       Call Imp          |     7 |     2 ||     9
       Blink             |     3 |       ||     3
       Mephitic Cloud    |       |     3 ||     3
       Repel Missiles    |       |     1 ||     1
  Use: Potion            |       |     1 ||     1
